 Dungeon Crawl Stone Soup version 0.25-a0-85-g7617fd2bc2 (webtiles) character file.

Game seed: 4195279525430230179, levelgen mode: deterministic

32 MrRokkomies the Vexing (level 3, -5/24 HPs)
             Began as a Vampire Enchanter on Nov 8, 2019.
             Killed from afar by an orc wizard (8 damage)
             ... with a magic dart
             ... on level 2 of the Dungeon.
             The game lasted 00:04:15 (1178 turns).

MrRokkomies the Vexing (Vampire Enchanter)          Turns: 1178, Time: 00:04:15

Health: -5/24      AC:  2    Str:  7    XL:     3   Next: 10%
Magic:  6/6        EV: 12    Int: 18    God:
Gold:   79         SH:  0    Dex: 14    Spells: 3/6 levels left

rFire    . . .     SeeInvis +   a - +1 dagger
rCold    . . .     Gourm    .   (no shield)
rNeg     . . .     Faith    .   h - +0 robe
rPois    .         Spirit   .   (no helmet)
rElec    .         Reflect  .   (no cloak)
rCorr    .         Harm     .   (no gloves)
MR       .....                  (no boots)
Stlth    +++.......             (no amulet)
HPRegen  0.28/turn              (no ring)
MPRegen  0.10/turn              (no ring)

@: regenerating quickly
A: no food, fangs 3, see invisible, unbreathing
a: Exsanguinate


You were on level 2 of the Dungeon.
You were alive.

You visited 1 branch of the dungeon, and saw 2 of its levels.

You collected 79 gold pieces.

Inventory:

Hand Weapons
 a - a +1 dagger (weapon)
 b - a +0 hunting sling
Missiles
 c - 3 stones (quivered)
 d - 36 sling bullets
Armour
 h - a +0 robe (worn)
Scrolls
 e - a scroll of teleportation
 f - 2 scrolls of remove curse
Potions
 g - a potion of brilliance {unknown}


   Skills:
 * Level 2.3 Short Blades
 - Level 2.1 Dodging
 + Level 4.9 Stealth
 - Level 2.0 Spellcasting
 * Level 5.2 Hexes


You had 3 spell levels left.
You knew the following spells:

 Your Spells              Type           Power        Failure   Level  Hunger
a - Corona                Hex            ###....      2%          1    N/A
b - Ensorcelled Hibernat  Hex/Ice        ##....       10%         2    N/A

Your spell library contained the following spells:

 Spells                   Type           Power        Failure   Level  Hunger
 Confuse                  Hex            ###.....     6%          3    N/A
 Tukima's Dance           Hex            ###.....     6%          3    N/A
 Dazzling Spray           Conj/Hex       ##....       19%         3    N/A

Dungeon Overview and Level Annotations

Branches:
Dungeon (2/15)

Altars:


Innate Abilities, Weirdness & Mutations

You do not eat.
Your natural rate of healing is unusually fast.
You have razor-sharp teeth.
You have supernaturally acute eyesight. (SInv)
You can survive without breathing.


Message History

An orc and an orc wizard come into view.
The goblin shouts!
The orc shouts!
The orc wizard shouts!
The adder hisses angrily.
A bat comes into view.
The goblin unwields a +0 dagger.
The goblin wields a +0 hunting sling.
The goblin shoots a stone.
The stone misses you.
You hear an angry hiss.
The orc priest calls down the wrath of Beogh upon you.
Pain shoots through your body! The bat closely misses you. The bat misses you.
The orc priest invokes the aid of Beogh against you.
Beogh smites you!
* * * LOW HITPOINT WARNING * * *
There is a stone staircase leading up here.
The bat misses you. The adder bites you.
* * * LOW HITPOINT WARNING * * *
The orc wizard points at you and mumbles some strange words.
The magic dart hits you!
You die...

.. ##.## .... #...
#####..# .##<......####
####....##.......####..
.##<...#. #...S@........
....####..##.).....######
.##..............b.......
##.........(......#####
................#
.......o).......#
......ogoo......#
...........=....#
..............#


You could see an orc priest, an orc wizard, an adder, 2 orcs, a goblin and a
bat.

Vanquished Creatures
  3 dart slugs (D:1)
  2 leopard geckos (D:1)
  A ball python (D:1)
  3 goblins (D:1)
  2 hobgoblins (D:1)
  2 jackals (D:1)
  4 kobolds (D:1)
  2 bats
  3 frilled lizards
  A rat (D:1)
23 creatures vanquished.

Notes
Turn   | Place    | Note
-------+----------+-------------------------------------------
     0 | D:1      | MrRokkomies the Vampire Enchanter began the quest for the
                  | Orb.
     0 | D:1      | Reached XP level 1. HP: 13/13 MP: 3/3
   105 | D:1      | Reached XP level 2. HP: 7/19 MP: 5/5
   154 | D:1      | Learned a level 2 spell: Ensorcelled Hibernation
   226 | D:1      | Reached skill level 5 in Hexes
   967 | D:1      | Reached XP level 3. HP: 24/24 MP: 6/6
  1178 | D:2      | Killed from afar by an orc wizard

Levels and vault maps discovered:
D:1:      saegor_arrival_simple_d, layout_basic
D:2:      cheibrodos_pilgrimage, layout_rooms, lemuel_crystal_altar,
          old_standard_altar, kennysheep_crisscross,
          wad_floor_pattern_untrapped, uniq_crazy_yiuf_cottage

Skill      XL: |  1  2 |
---------------+-------+-----
Hexes          | 5 |  5.2
Short Blades   | 2 |  2.3
Dodging        | |  2.1
Stealth        | |  4.9
Spellcasting   | |  2.0

Action                   || total
-------------------------++-------
Melee: Dagger            ||    67
       Bite              ||     6
 Cast: Ensorcelled Hiber ||     1
  Use: Scroll            ||     2
 Stab: Sleeping          ||    10
Armor: Robe              ||    11
Dodge: Dodged            ||    33

Table legend:
 A = Non-vault XP
 B = Vault XP
 C = Vault XP percentage of total XP
 D = Non-vault monster count
 E = Vault monster count
 F = Vault count percentage of total count
                 A         B        C        D         E       F
            +---------+---------+-------+---------+---------+-------
      Total |      47 |       0 |   0.0 |      23 |       0 |   0.0
            +---------+---------+-------+---------+---------+-------
        D:1 |      44 |       0 |   0.0 |      21 |       0 |   0.0
        D:2 |       3 |       0 |   0.0 |       2 |       0 |   0.0
            +---------+---------+-------+---------+---------+-------
